Map: Defender's Landing LE

Players

Nerchio

  • Race: Zerg Zerg
  • Spawn Location: 7:00

Semper - Winner!

  • Race: Terran Terran
  • Spawn Location: 1:00

Event: WCS Jonkoping 2017

VOD

Have the link to the VOD?

Description

Time

  • Played on: June 17, 2017, 2:52 p.m.
  • Length: 23:17

All games in this series

Show
View Real Time Build Order
Export as new Build Order

Nerchio Zerg 

Build Orders: Pool First 

Get SALT Encoding   

  12  0:00  Drone  
  13  0:13  Overlord  
  13  0:17  Drone  
  14  0:31  Drone x2  
  14  0:35  Drone  
  17  0:45  Spawning Pool  
  17  0:47  Drone  
  17  0:56  Drone  
  18  1:01  Extractor  
  17  1:12  Hatchery  
  17  1:16  Drone  
  17  1:31  Queen, Zergling x2  
  20  1:34  Drone  
  20  1:39  Drone  
  22  1:49  Overlord  
  22  2:01  Metabolic Boost  
  22  2:07  Queen  
  22  2:08  Drone  
  25  2:12  Drone  
  26  2:23  Drone  
  26  2:25  Drone  
  26  2:26  Queen  
  29  2:32  Drone  
  30  2:38  Drone  
  30  2:41  Drone x2  
  30  2:43  Overlord  
  33  2:46  Drone  
  33  2:50  Drone  
  35  2:57  Zergling x2  
  35  3:03  Zergling x2  
  37  3:12  Drone  
  37  3:13  Drone  
  37  3:15  Drone  
  37  3:16  Hatchery  
  37  3:18  Overlord  
  38  3:23  Drone x2  
  38  3:24  Drone  
  41  3:30  Evolution Chamber  
  41  3:32  Evolution Chamber, Drone  
  40  3:34  Drone  
  40  3:38  Drone x2  
  43  3:42  Drone  
  43  3:44  Drone  
  45  3:48  Drone  
  45  3:51  Queen  
  45  3:54  Overlord  
  48  4:01  Zerg Ground Armor Level 1  
  48  4:06  Drone x2  
  48  4:07  Drone x2  
  52  4:10  Overlord  
  52  4:14  Drone x2  
  54  4:20  Extractor  
  54  4:21  Queen  
  55  4:25  Overlord  
  55  4:28  Queen  
  56  4:31  Zergling x2  
  56  4:32  Zergling x4  
  56  4:35  Zergling x2  
  56  4:38  Zergling x6  
  63  4:40  Zergling x2  
  63  4:43  Zerg Melee Weapons Level 1  
  63  4:44  Zergling x2  
  65  4:46  Zergling x2  
  65  4:50  Zergling x8  
  65  4:52  Zergling x2  
  71  4:55  Overlord  
  71  5:01  Overlord  
  71  5:03  Queen  
  73  5:10  Drone x6  
  73  5:11  Drone  
  80  5:14  Drone x2  
  80  5:17  Drone  
  80  5:18  Drone x2  
  85  5:21  Drone x2  
  85  5:25  Drone  
  85  5:28  Extractor, Lair  
  88  5:32  Drone x2  
  88  5:34  Drone x3  
  91  5:39  Extractor, Drone x2  
  91  5:40  Baneling Nest, Drone  
  92  5:43  Overlord  
  92  5:44  Drone  
  92  5:49  Overlord  
  93  5:52  Drone  
  93  5:54  Extractor  
  93  5:55  Extractor, Drone  
  93  5:57  Roach Warren  
  92  6:06  Zergling x6  
  92  6:09  Hatchery  
  94  6:15  Drone x5  
  94  6:16  Drone  
  94  6:17  Drone x2  
  102  6:19  Drone  
  102  6:21  Queen  
  102  6:25  Overlord  
  105  6:30  Zerg Ground Armor Level 2  
  105  6:31  Infestation Pit  
  104  6:35  Overlord  
  104  6:36  Overlord  
  104  6:37  Overlord  
  104  6:41  Glial Reconstitution  
  104  6:43  Baneling  
  104  6:44  Baneling x7  
  104  6:45  Baneling x2  
  104  6:46  Baneling  
  104  6:48  Zergling x4  
  104  6:50  Zergling x2  
  104  6:51  Zergling x4  
  104  6:53  Zergling x4  
  111  6:55  Zergling x4  
  108  7:02  Zergling x4  
  108  7:03  Zergling x6  
  108  7:05  Zergling x6  
  108  7:08  Zergling x2  
  107  7:09  Baneling  
  107  7:12  Zerg Melee Weapons Level 2  
  107  7:13  Roach  
  108  7:16  Roach  
  108  7:17  Roach  
  108  7:22  Roach x3  
  106  7:26  Roach x3  
  106  7:27  Roach  
  106  7:29  Roach  
  107  7:33  Roach x2  
  107  7:35  Roach x3  
  110  7:37  Drone  
  110  7:43  Roach  
  107  7:44  Hive  
  107  7:46  Queen x2  
  107  7:47  Roach  
  107  7:48  Roach  
  111  7:54  Centrifical Hooks  
  111  7:56  Roach x2  
  113  8:03  Ravager x2  
  113  8:04  Ravager x2  
  117  8:07  Hatchery, Roach  
  117  8:08  Roach  
  117  8:09  Zergling x2  
  123  8:13  Roach  
  123  8:15  Zergling x6  
  123  8:17  Zergling x2  
  123  8:19  Zergling x2  
  128  8:26  Infestor  
  128  8:27  Overlord x2  
  126  8:38  Baneling  
  126  8:39  Baneling x11  
  126  8:46  Zergling x16  
  126  8:48  Zergling x2  
  135  8:54  Infestor  
  136  8:56  Drone  
  136  8:57  Overlord  
  135  9:04  Ultralisk Cavern  
  135  9:08  Overlord  
  134  9:12  Overlord x2  
  134  9:19  Drone x6  
  134  9:20  Extractor  
  134  9:21  Drone  
  140  9:40  Zerg Ground Armor Level 3  
  140  9:52  Chitinous Plating  
  140  9:53  Ultralisk  
  140  9:58  Ultralisk  
  149  10:04  Zergling x2  
  149  10:05  Zergling x20  
  149  10:12  Drone  
  149  10:13  Drone x5  
  152  10:16  Drone x3  
  152  10:18  Drone  
  156  10:30  Ultralisk  
  156  10:34  Ultralisk  
  166  10:42  Ultralisk  
  171  10:47  Drone x2  
  171  10:48  Overlord  
  171  10:49  Extractor  
  166  10:53  Zergling x14  
  166  10:54  Zergling x2  
  172  11:06  Ultralisk  
  172  11:08  Zergling x10  
  172  11:11  Overlord  
  169  11:19  Ultralisk  
  168  11:27  Drone x3  
  168  11:31  Zerg Melee Weapons Level 3, Spire  
  168  11:35  Drone x2  
  168  11:36  Drone  
  168  11:37  Drone  
  171  11:42  Drone x3  
  174  11:52  Ultralisk  
  174  11:53  Drone x2  
  180  11:59  Drone x4  
  180  12:04  Spore Crawler  
  179  12:13  Baneling x15  
  179  12:20  Pneumatized Carapace  
  179  12:21  Spore Crawler  
  176  12:27  Hatchery  
  175  12:31  Extractor, Drone x3  
  175  12:32  Drone x2  
  175  12:33  Drone x2  
  181  12:40  Queen  
  181  12:43  Infestor  
  185  12:50  Greater Spire  
  185  12:52  Corruptor x3  
  191  13:04  Overlord x3  
  191  13:09  Overlord  
  191  13:11  Overlord  
  191  13:15  Spore Crawler  
  191  13:17  Spore Crawler  
  191  13:19  Corruptor  
  191  13:20  Spore Crawler  
  191  13:24  Corruptor x2  
  187  13:41  Corruptor x3  
  184  13:42  Corruptor  
  192  13:53  Zergling x12  
  192  13:54  Zergling x2  
  199  14:01  Burrow  
  199  14:05  Zerg Flyer Armor Level 1  
  191  14:19  Zergling x16  
  191  14:20  Extractor, Zergling x2  
  199  14:37  Spore Crawler  
  198  14:46  Zergling x2  
  198  14:47  Zergling x4  
  198  14:50  Baneling x7  
  198  14:51  Baneling x20  
  194  15:03  Overseer x2  
  194  15:04  Overseer  
  169  15:47  Corruptor  
  169  15:48  Corruptor x2  
  169  15:49  Corruptor x4  
  169  15:53  Extractor  
  156  15:57  Corruptor x2  
  156  15:58  Corruptor  
  156  15:59  Corruptor x2, Zerg Flyer Weapons Level 1  
  156  16:02  Drone x5  
  166  16:04  Queen  
  166  16:09  Infestor x2  
  169  16:16  Brood Lord x5  
  179  16:22  Drone x6  
  185  16:35  Brood Lord x2  
  185  16:37  Brood Lord  
  191  16:46  Brood Lord x2  
  195  16:53  Spore Crawler  
  192  17:06  Corruptor x3  
  181  17:11  Zergling x2  
  181  17:12  Zergling x16  
  181  17:15  Drone x2  
  180  17:22  Drone x3  
  182  17:23  Drone x2  
  182  17:25  Drone  
  178  17:35  Drone x6  
  179  17:37  Drone  
  179  17:40  Drone  
  181  17:48  Viper  
  181  17:49  Viper  
  187  17:56  Baneling  
  187  17:57  Baneling x7  
  187  17:58  Baneling  
  187  18:06  Corruptor x2  
  187  18:38  Hatchery  
  187  18:40  Drone x2  
  186  18:44  Drone x2  
  186  18:45  Drone  
  187  18:56  Zerg Flyer Weapons Level 2  
  187  18:57  Hatchery  
  186  19:06  Brood Lord x2  
  186  19:09  Hatchery  
  187  19:18  Corruptor  
  187  19:19  Corruptor x3  
  187  19:21  Zergling x2  
  187  19:22  Zergling x2  
  163  19:41  Zergling x6  
  163  19:42  Zergling x22  
  156  19:46  Corruptor  
  156  19:49  Corruptor  
  158  19:54  Corruptor  
  146  20:03  Corruptor x2  
  133  20:08  Corruptor  
  134  20:16  Corruptor  
  136  20:22  Adrenal Glands  
  135  20:30  Corruptor  
  135  20:34  Queen  
  138  20:40  Infestor x2  
  136  20:50  Zergling x2  
  136  20:51  Zergling x20  
  136  20:54  Infestor  
  136  20:56  Infestor  
  135  21:05  Ultralisk  
  135  21:10  Ultralisk  
  143  21:17  Ultralisk  
  144  21:23  Drone  
  144  21:25  Zergling x12  
  139  21:26  Zergling x2  
  139  21:27  Zergling x2  
  139  21:28  Zergling x2  
  126  21:35  Zergling x10  
  126  21:36  Zergling x2  
  120  21:46  Ultralisk  
  117  21:51  Corruptor x2  
  121  21:55  Corruptor  
  121  21:59  Corruptor  
  124  22:03  Corruptor  
  124  22:06  Corruptor  
  118  22:10  Corruptor  
  118  22:12  Zergling x4  
  118  22:14  Zergling x2  
  118  22:15  Zergling x2  
  124  22:18  Corruptor  
  124  22:22  Corruptor  
  113  22:25  Zergling x2  
  110  22:34  Baneling x7  
  110  22:37  Zergling x6  
  110  22:42  Zergling x4  
  110  22:43  Zergling x2  
  116  22:46  Zergling x2  
  116  22:47  Zergling x2  
  118  22:52  Zergling x2  
  118  22:53  Zergling x4  
Show
View Real Time Build Order
Export as new Build Order

Semper Terran - Winner!

Build Orders: Reaper Expand, MMM Bio 

Get SALT Encoding   

  12  0:00  SCV  
  13  0:13  SCV  
  14  0:17  Supply Depot  
  14  0:25  SCV  
  15  0:39  SCV  
  15  0:41  Barracks  
  16  0:44  Refinery  
  16  0:51  SCV  
  17  1:03  SCV  
  18  1:15  SCV  
  19  1:27  Orbital Command  
  19  1:28  Reaper  
  20  1:41  Command Center  
  20  1:53  SCV  
  21  2:02  Barracks Reactor, Supply Depot  
  21  2:05  SCV  
  21  2:17  SCV, Barracks  
  22  2:28  Factory, Refinery  
  22  2:31  SCV  
  23  2:40  Marine x2  
  23  2:43  SCV  
  26  2:56  SCV  
  27  2:58  Orbital Command  
  27  2:59  Marine x2  
  29  3:08  SCV  
  29  3:09  Barracks Tech Lab  
  30  3:18  Marine x2  
  32  3:20  SCV  
  32  3:25  SCV  
  34  3:28  Stimpack  
  34  3:32  SCV, Starport  
  35  3:37  SCV, Factory Reactor  
  36  3:42  Marine  
  36  3:44  SCV, Supply Depot  
  36  3:45  Marine  
  36  3:47  Marine  
  40  3:51  SCV  
  41  3:56  SCV  
  42  4:03  Supply Depot  
  42  4:04  Marine  
  42  4:06  Marine  
  42  4:07  SCV  
  45  4:14  SCV  
  46  4:18  Marine  
  46  4:19  SCV  
  47  4:26  SCV, Engineering Bay  
  47  4:28  Engineering Bay  
  47  4:30  Medivac x2  
  52  4:31  Marine x2  
  52  4:32  SCV  
  52  4:35  Supply Depot  
  52  4:37  Marine  
  56  4:38  SCV  
  56  4:45  SCV  
  58  4:50  Marine x2  
  58  4:51  SCV  
  61  4:54  Terran Infantry Armor Level 1, Terran Infantry Weapons Level 1  
  61  4:57  SCV  
  61  4:58  Marine  
  63  5:03  SCV  
  64  5:08  Command Center  
  64  5:10  Supply Depot  
  64  5:11  Marine  
  64  5:12  Marine  
  66  5:17  SCV  
  67  5:25  SCV  
  67  5:26  Marine  
  69  5:28  Combat Shields  
  69  5:29  Marine  
  69  5:32  Barracks  
  69  5:34  Barracks  
  69  5:35  Barracks  
  70  5:40  SCV, Marine  
  72  5:43  Marine  
  72  5:47  Marine  
  72  5:49  SCV  
  75  5:52  Medivac  
  75  5:53  Factory Reactor  
  77  5:58  Marine, Medivac  
  77  5:59  Supply Depot x2  
  77  6:01  SCV, Marine  
  82  6:05  Marine, Refinery  
  82  6:06  SCV, Refinery  
  84  6:13  SCV  
  84  6:15  Marine  
  85  6:19  Marine  
  85  6:20  Orbital Command  
  85  6:23  Marine  
  85  6:25  Barracks Reactor x3  
  87  6:27  SCV  
  87  6:29  Liberator  
  88  6:33  Marine  
  88  6:37  Marine  
  90  6:40  Marine  
  90  6:45  Orbital Command  
  94  6:50  Armory  
  94  6:51  Marine  
  95  6:55  Marine, Widow Mine x2  
  95  6:58  Marine  
  101  7:05  Marine  
  101  7:08  SCV, Marine  
  102  7:09  Marine x5  
  102  7:12  Marine  
  102  7:15  Supply Depot x2  
  109  7:20  Marine  
  109  7:21  SCV  
  109  7:22  Marine  
  100  7:27  Marine  
  96  7:31  Marine  
  96  7:32  SCV x2  
  96  7:34  Marine  
  98  7:37  Marine x4  
  98  7:38  Marine  
  98  7:40  Marine  
  98  7:44  Factory Tech Lab, Medivac  
  98  7:46  SCV x2, Marine  
  98  7:49  Marine  
  102  7:54  Marine  
  102  7:55  SCV  
  102  7:58  SCV x2, Terran Infantry Weapons Level 2  
  106  8:03  Siege Tank  
  109  8:07  SCV, Medivac  
  109  8:10  SCV  
  112  8:14  SCV  
  112  8:19  Marine, SCV  
  114  8:20  Marauder, Marine  
  114  8:24  Marine  
  114  8:25  SCV  
  114  8:26  SCV  
  114  8:27  Terran Infantry Armor Level 2  
  121  8:28  Refinery  
  121  8:33  Supply Depot x2  
  121  8:34  Marine x3, Refinery  
  118  8:37  Medivac x2  
  118  8:39  Siege Tank  
  128  8:42  Terran Vehicle Weapons Level 1  
  128  8:49  Factory  
  128  8:50  Marine x2  
  128  8:51  Marauder, SCV  
  128  8:53  SCV  
  133  9:09  Marine x2  
  131  9:11  Marine  
  131  9:12  Siege Tank  
  136  9:17  Barracks, Supply Depot  
  136  9:18  Barracks, Supply Depot  
  136  9:23  Barracks  
  136  9:27  Command Center  
  136  9:34  Marauder, Marine x5  
  136  9:35  Factory Tech Lab  
  143  9:40  Supply Depot  
  143  9:43  Supply Depot  
  143  9:44  Siege Tank  
  146  9:47  Marine  
  146  9:48  Marine  
  148  9:53  Liberator x2  
  148  10:02  Marine  
  148  10:05  Siege Tank  
  143  10:07  Marine  
  143  10:08  Marauder  
  143  10:13  Barracks Tech Lab x3  
  149  10:15  Starport  
  149  10:16  Siege Tank, Marine  
  149  10:17  Marine x2  
  155  10:24  Marine x2  
  157  10:29  Marauder  
  157  10:32  Marine  
  157  10:33  Marauder  
  159  10:36  Marine x2  
  159  10:37  Siege Tank, Marauder  
  159  10:39  Liberator  
  164  10:51  Marauder  
  164  10:55  Liberator, Marine x2  
  164  10:56  Marauder  
  167  11:09  Terran Infantry Weapons Level 3  
  167  11:10  Terran Infantry Armor Level 3, Ghost Academy  
  167  11:11  Terran Ship Weapons Level 1  
  151  11:27  Siege Tank  
  151  11:32  Planetary Fortress  
  151  11:37  Marine x2  
  151  11:38  Marauder  
  153  11:41  Siege Tank, Medivac  
  155  11:54  Marauder x3  
  147  11:58  Sensor Tower, Refinery x2  
  147  11:59  Marauder  
  143  12:03  Marine, Medivac  
  143  12:08  Liberator  
  145  12:09  Medivac  
  145  12:15  Marauder x2  
  151  12:19  SCV x2  
  151  12:25  Medivac  
  151  12:26  Marine  
  151  12:27  Marauder  
  158  12:32  Command Center  
  158  12:37  Marauder, Marine x3  
  158  12:38  Missile Turret  
  158  12:39  Liberator, Missile Turret  
  158  12:40  Marine x2  
  158  12:42  Medivac  
  167  12:55  Marine  
  167  12:56  Marauder, Medivac  
  175  12:58  Ghost  
  175  13:00  Ghost  
  175  13:01  Ghost  
  177  13:14  Siege Tank  
  180  13:25  Liberator  
  170  13:41  Medivac  
  170  13:45  Ghost x2  
  179  13:50  Planetary Fortress  
  179  13:52  Viking x2  
  183  13:59  Ghost  
  185  14:09  Ghost  
  185  14:11  Viking  
  175  14:18  Ghost  
  175  14:22  Viking x2  
  179  14:24  Marine  
  179  14:25  Marauder  
  179  14:27  Ghost  
  179  14:28  Viking  
  186  14:34  Missile Turret  
  186  14:35  Refinery  
  186  14:36  Refinery, Missile Turret  
  186  14:37  Missile Turret  
  186  14:43  Viking  
  175  14:52  Medivac, Viking  
  172  15:00  Viking  
  174  15:07  Command Center  
  174  15:10  Personal Cloaking  
  174  15:13  Viking  
  176  15:22  Viking  
  178  15:29  Marine, Concussive Shells  
  178  15:30  Marauder  
  156  15:57  Ghost x4  
  150  16:05  SCV  
  150  16:06  SCV x3  
  146  16:16  Viking x2  
  146  16:17  SCV  
  146  16:18  SCV  
  152  16:20  Marine  
  152  16:21  Marine  
  152  16:22  SCV  
  152  16:25  Ghost x2  
  155  16:26  Liberator, Marauder  
  155  16:28  SCV  
  160  16:34  SCV  
  160  16:35  Marine x5  
  160  16:36  Marauder  
  168  16:43  Medivac  
  168  16:44  SCV x2  
  168  16:46  Planetary Fortress  
  175  16:48  Marauder  
  177  16:56  Unknown  
  177  16:57  Unknown x2  
  175  17:04  Viking  
  175  17:05  Viking  
  175  17:06  Terran Ship Weapons Level 2  
  173  17:15  SCV  
  173  17:16  SCV  
  173  17:21  Liberator x2  
  173  17:22  Liberator  
  171  17:31  Ghost  
  171  17:33  Ghost x2  
  171  17:34  Viking  
  166  17:40  Ghost  
  177  17:45  SCV x4  
  177  17:47  Liberator  
  181  17:59  Ghost  
  181  18:02  Ghost  
  181  18:04  Ghost  
  185  18:21  Medivac  
  185  18:43  Ghost  
  185  18:44  Command Center  
  185  18:46  Command Center  
  187  19:00  Marauder, Marine x2  
  187  19:02  Medivac  
  184  19:28  Siege Tank x2  
  190  19:33  Liberator  
  190  19:34  Liberator  
  165  19:40  Viking  
  138  19:48  Viking  
  138  19:50  Marine  
  138  19:52  Marine x6  
  129  19:53  Marauder  
  129  19:56  Marine  
  129  19:57  Marine  
  138  20:06  Marine  
  134  20:08  Marine  
  134  20:09  Siege Tank  
  134  20:10  Viking  
  134  20:13  Marine x4  
  142  20:14  Marauder, Orbital Command  
  142  20:15  Marauder  
  145  20:22  Viking  
  147  20:31  Marine x3  
  147  20:33  Viking  
  150  20:41  Viking x2  
  150  20:42  Ghost  
  152  20:43  Ghost  
  154  20:52  Viking  
  156  21:00  Missile Turret  
  154  21:07  Marine  
  149  21:12  Marine x2  
  133  21:25  Barracks Tech Lab  
  133  21:26  Marine  
  133  21:27  Marine x2  
  133  21:28  Marine x2  
  133  21:30  Marine  
  130  21:36  Marine  
  130  21:37  Marine x4  
  130  21:39  SCV  
  130  21:44  Marine  
  130  21:45  Marine x3  
  130  21:46  Marine  
  132  21:47  Marine  
  132  21:48  Marine  
  132  21:52  Liberator  
  134  21:54  Marine x4  
  134  21:55  Marauder  
  140  22:01  Marine  
  140  22:03  Marine  
  134  22:12  Siege Tank  
  125  22:17  Marine  
  125  22:18  Marine x3  
  125  22:19  Marauder, Marine x3, Medivac x2  
  135  22:25  Marine x3  
  135  22:26  SCV  
  135  22:29  Marine  
  140  22:35  Medivac  
  142  22:50  Marine x3  
Tags
 
Add a new tag
Caveats
  • Supply blocks, unpowered buildings, or Contaminate may cause inaccurate times.
  • Supply counts are checked every 10 seconds.